 Dungeon Crawl Stone Soup version 0.21.0-3-g78d12a8 (webtiles) character file.

730 MTVSty1e the Cleaver (level 8, -3/58 HPs)
             Began as a Formicid Fighter on Jan 10, 2018.
             Was an Initiate of Okawaru.
             Slain by an orc warrior
             ... wielding a +1 halberd of protection
              (24 damage)
             ... on level 5 of the Dungeon.
             The game lasted 00:06:56 (4117 turns).

MTVSty1e the Cleaver (Formicid Fighter)             Turns: 4117, Time: 00:06:56

Health: -3/58      AC:  6    Str: 23    XL:     8   Next: 3%
Magic:  17/17      EV:  8    Int:  8    God:    Okawaru [......]
Gold:   324        SH:  9    Dex: 10    Spells: 7/7 levels left

rFire    . . .     SeeInvis +   a - +0 war axe
rCold    . . .     Gourm    .   c - +0 shield
rNeg     . . .     Faith    .   b - +0 scale mail
rPois    .         Spirit   .   (helmet unavailable)
rElec    .         Reflect  .   (no cloak)
rCorr    .         Harm     .   (no gloves)
MR       .....                  (no boots)
Stlth    ..........             (no amulet)
HPRegen  0.19/turn              q - ring of magical power
MPRegen  0.15/turn              (no ring)

@: no status effects
A: permanent stasis, dig shafts and tunnels, four strong arms, antennae 3
a: Dig, Shaft Self, Renounce Religion


You were on level 5 of the Dungeon.
You worshipped Okawaru.
Okawaru was noncommittal.
You were not hungry.

You visited 1 branch of the dungeon, and saw 5 of its levels.

You collected 324 gold pieces.

Inventory:

Hand Weapons
 a - a +0 war axe (weapon)
Armour
 b - a +0 scale mail (worn)
 c - a +0 shield (worn)
Jewellery
 q - a ring of magical power (left hand)
Wands
 o - a wand of paralysis (11)
 w - a wand of acid (9)
Scrolls
 e - 7 scrolls of identify {unknown}
 g - 4 scrolls of remove curse {unknown}
 h - 4 scrolls of teleportation {unknown}
 m - a scroll of fear {unknown}
 t - a scroll of magic mapping {unknown}
 u - 2 scrolls of blinking {unknown}
 v - 2 scrolls of fog {unknown}
 x - a scroll of enchant armour {unknown}
Potions
 d - a potion of heal wounds
 i - a potion of flight {unknown}
 j - a potion of mutation {unknown}
 k - a potion of resistance {unknown}
 l - a potion of magic {unknown}
 p - 2 potions of ambrosia {unknown}
 r - a potion of cancellation {unknown}
 s - a potion of degeneration {unknown}
Books
 n - a book of Cantrips

   Spells                             Type                      Level
   a - Confusing Touch                Hexes                        1
   b - Animate Skeleton               Necromancy                   1
   c - Summon Small Mammal            Summoning                    1
   d - Apportation                    Translocation                1
Comestibles
 f - 3 rations


   Skills:
 - Level 3.2 Fighting
 * Level 8.5 Axes
 - Level 3.2 Armour
 - Level 3.6 Shields


You had 7 spell levels left.
You didn't know any spells.

Dungeon Overview and Level Annotations

Branches:
Dungeon (5/15)
 Temple: D:4-7

Altars:
Elyvilon
Gozag
Hepliaklqana
Okawaru
Wu Jian
Zin


Innate Abilities, Weirdness & Mutations

You cannot be hasted, slowed, berserked, paralysed or teleported.
You can dig through walls and to a lower floor.
Your four strong arms can wield two-handed weapons with a shield.
You have a pair of large antennae on your head. (SInv)


Message History

Items here: ))) [ a dagger; a hand axe of chopping; a mace; a leather armour An orc comes into view.
It is wielding a hand axe.
The orc shouts!
You block the orc warrior's attack.
You hit the orc warrior but do no damage.
You hit the scorpion.
The orc warrior hits you with a halberd of protection!
You block the scorpion's attack.
An orc wizard comes into view. It is wielding a dagger.
You barely miss the orc warrior.
The orc wizard shouts!
You slash the scorpion!
You kill the scorpion!
Okawaru accepts your kill.
You have reached level 8!
You feel clever.
You hear a shout!
The orc warrior hits you with a halberd of protection!!
You die...

##+###.### #..## #..
.........# #...####..
#.........#####.P...##..
#.........##....PP..##..
#........).........P'...
#....###.###........####
#.... #.###........#
#.....##).##........#
.......@†...........#
.......o............#
....................#
.[.....o............#
.....$o...#.###+#####
.......§§§§.§#
........o§§§.#
.......§.§§§§.


You could see an orc warrior, an orc wizard and 2 orcs.

Vanquished Creatures
  An orc warrior (D:4)
  An ice beast (D:4)
  A water moccasin skeleton (D:5)
  2 scorpions
  A bullfrog skeleton (D:5)
  2 orc priests
  2 orc wizards
  An iguana (D:4)
  A worker ant (D:4)
  A hound zombie (D:5)
  3 gnolls (D:2)
  A howler monkey skeleton (D:5)
  4 adders
  An ooze (D:2)
  3 adder skeletons
  3 adder zombies (D:5)
  A worm (D:2)
  A dart slug (D:3)
  3 leopard geckos
  16 orcs
  2 giant cockroaches
  8 goblins
  7 hobgoblins
  5 jackals
  4 quokkas
  2 ball pythons
  8 bats
  A frilled lizard (D:2)
  A jackal skeleton (D:5)
  4 kobolds
  3 quokka skeletons (D:5)
  A quokka zombie (D:5)
  5 rats
100 creatures vanquished.

Vanquished Creatures (others)
  3 withered plants (D:5)
3 creatures vanquished.

Grand Total: 103 creatures vanquished

Notes
Turn   | Place    | Note
-------+----------+-------------------------------------------
     0 | D:1      | MTVSty1e the Formicid Fighter began the quest for the Orb.
     0 | D:1      | Reached XP level 1. HP: 18/18 MP: 1/1
   293 | D:1      | Reached XP level 2. HP: 22/24 MP: 2/2
   784 | D:2      | Reached skill level 3 in Axes
   784 | D:2      | Reached XP level 3. HP: 3/29 MP: 3/3
  1097 | D:2      | Reached skill level 4 in Axes
  1097 | D:2      | Reached XP level 4. HP: 25/35 MP: 4/4
  1364 | D:2      | Found an opulent altar of Gozag.
  1365 | D:2      | Found a glowing silver altar of Zin.
  1422 | D:2      | Found a hazy altar of Hepliaklqana.
  1783 | D:3      | Reached XP level 5. HP: 35/41 MP: 5/5
  1995 | D:3      | Reached skill level 5 in Axes
  2097 | D:3      | Found an ornate altar of the Wu Jian Council.
  2285 | D:4      | Found an iron altar of Okawaru.
  2337 | D:4      | Noticed an ice beast
  2339 | D:4      | Noticed an orc warrior
  2347 | D:4      | Killed an ice beast
  2347 | D:4      | Reached skill level 6 in Axes
  2347 | D:4      | Reached XP level 6. HP: 29/47 MP: 6/6
  2382 | D:5      | Entered Level 5 of the Dungeon
  2505 | D:4      | Killed an orc warrior
  2710 | D:4      | Reached XP level 7. HP: 47/52 MP: 7/7
  2796 | D:4      | Reached skill level 7 in Axes
  2908 | D:4      | Found a white marble altar of Elyvilon.
  3565 | D:4      | Became a worshipper of Warmaster Okawaru
  3641 | D:5      | Found an ornate altar of the Wu Jian Council.
  4006 | D:5      | Reached skill level 8 in Axes
  4117 | D:5      | Reached XP level 8. HP: 20/58 MP: 8/8
  4117 | D:5      | Slain by an orc warrior

Skill      XL: |  1  2  3  4  5  6  7 |
---------------+----------------------+-----
Axes           | 3 4 6 8 |  8.5
Fighting       | |  3.2
Armour         | |  3.2
Shields        | |  3.6

Action                   |  1- 3 |  4- 6 |  7- 9 || total
-------------------------+-------+-------+-------++-------
Melee: War axe           |    48 |   148 |   118 ||   314
 Abil: Dig               |       |       |     1 ||     1
  Use: Potion            |     1 |     1 |     1 ||     3
  Eat: Ration            |       |     2 |     1 ||     3
       Chunk             |       |     1 |       ||     1
Armor: Scale mail        |    17 |    48 |    48 ||   113
Dodge: Dodged            |    14 |    55 |    39 ||   108
Block: Shield            |    27 |   107 |    62 ||   196
